SL
THUNDER BAY NORTHERN LIONS BC @ ATHLETIC CLUB KC
07/17/2034
 
TOP OF THE 1ST
Thunder Bay Northern Lions BC batting - Pitching for Athletic Club KC : RHP Stanley Yelnats
Pitching: RHP Stanley Yelnats
Batting: RHB Rafael Pueblo 0-0: Ball
1-0: Ground out 4-3 (Groundball, 4S)
Batting: RHB António Mendoza 0-0: Called Strike
0-1: Swinging Strike
0-2: Ball
1-2: Strikes out swinging
Batting: LHB Luis Freitas 0-0: Foul Ball, location: 2F
0-1: Ball
1-1: Ball
2-1: SINGLE (Groundball, 34S) (infield hit)
Batting: RHB Juan Pedraza 0-0: Called Strike
0-1: Ball
1-1: Foul Ball, location: 2F
1-2: DOUBLE (Line Drive, 78XD)
Luis Freitas to third
Runner from 3rd tries for Home, SAFE, no throw
Batting: RHB Edgar Balerio 0-0: Foul Ball, location: 2F
0-1: Ball
1-1: Swinging Strike
1-2: Ball
2-2: Ground out 3-1 (Groundball, 34S)
Top of the 1st over - 1 run, 2 hits, 0 errors, 1 left on base; Thunder Bay 1 - Athletic Club KC 0
BOTTOM OF THE 1ST
Athletic Club KC batting - Pitching for Thunder Bay Northern Lions BC : RHP Jon Briddon
Pitching: RHP Jon Briddon
Batting: LHB Melvin Castro 0-0: Swinging Strike
0-1: Ball
1-1: Ball
2-1: Foul Ball, location: 2F
2-2: Ball
3-2: Ground out 4-3 (Groundball, 4)
Batting: SHB Akihiko Fujii 0-0: Called Strike
0-1: Called Strike
0-2: SINGLE (Line Drive, 8LS)
Batting: RHB Jesús Vargas 0-0: Ball
1-0: Called Strike
1-1: Ball
2-1: Called Strike
2-2: Ball
3-2: Strikes out looking
Batting: LHB Pablo Hernández 0-0: Called Strike
0-1: Foul Ball, location: 2F
0-2: Ball
1-2: Strikes out swinging
Bottom of the 1st over - 0 runs, 1 hit, 0 errors, 1 left on base; Thunder Bay 1 - Athletic Club KC 0
TOP OF THE 2ND
Thunder Bay Northern Lions BC batting - Pitching for Athletic Club KC : RHP Stanley Yelnats
Batting: RHB Ramón Degollado 0-0: Called Strike
0-1: Fly out, F8 (Flyball, 78D)
Batting: SHB Robert La Caze 0-0: Ball
1-0: Called Strike
1-1: Foul Ball, location: 2F
1-2: Ball
2-2: Foul Ball, location: 2F
2-2: Strikes out swinging
Batting: RHB Kasper Schuilenberg 0-0: Ball
1-0: Foul Ball, location: 2F
1-1: Called Strike
1-2: Ball
2-2: Fly out, F1 (Line Drive, 15)
Top of the 2nd over - 0 runs, 0 hits, 0 errors, 0 left on base; Thunder Bay 1 - Athletic Club KC 0
BOTTOM OF THE 2ND
Athletic Club KC batting - Pitching for Thunder Bay Northern Lions BC : RHP Jon Briddon
Batting: RHB Andrés Medina 0-0: Ball
1-0: Foul Ball, location: 2F
1-1: Fly out, F7 (Line Drive, 7)
Batting: SHB Pedro Vázquez 0-0: Ball
1-0: Ground out 6-3 (Groundball, 6M)
Batting: LHB Wu-shun Chu 0-0: Ball
1-0: Ball
2-0: Called Strike
2-1: Fly out, F8 (Line Drive, 8RD)
Bottom of the 2nd over - 0 runs, 0 hits, 0 errors, 0 left on base; Thunder Bay 1 - Athletic Club KC 0
TOP OF THE 3RD
Thunder Bay Northern Lions BC batting - Pitching for Athletic Club KC : RHP Stanley Yelnats
Batting: RHB Augusto Encarnación 0-0: SINGLE (Groundball, 6S) (infield hit)
Batting: RHB Rafael Pueblo 0-0: Called Strike
0-1: Ball
1-1: Ball
2-1: Fly out, F4 (Flyball, 4MD)
Batting: RHB António Mendoza 0-0: Called Strike
0-1: Ball
1-1: Called Strike
Augusto Encarnación steals 2nd base
1-2: Ground out 5-3 (Groundball, 56)
Batting: LHB Luis Freitas 0-0: Called Strike
0-1: Ball
1-1: SINGLE (Groundball, 34D)
Augusto Encarnación to third
Runner from 3rd tries for Home, SAFE, no throw
Batting: RHB Juan Pedraza 0-0: Ball
1-0: Fly out, F9 (Flyball, 9S)
Top of the 3rd over - 1 run, 2 hits, 0 errors, 1 left on base; Thunder Bay 2 - Athletic Club KC 0
BOTTOM OF THE 3RD
Athletic Club KC batting - Pitching for Thunder Bay Northern Lions BC : RHP Jon Briddon
Batting: LHB Onye Mahusay 0-0: Swinging Strike
0-1: Ball
1-1: Swinging Strike
1-2: Ball
2-2: Ball
3-2: Ground out 6-3 (Groundball, 6)
Batting: RHB Roger Caffyn 0-0: Called Strike
0-1: Ball
1-1: SINGLE (Groundball, 6MD)
Batting: LHB Melvin Castro 0-0: Called Strike
0-1: Ball
1-1: Ball
2-1: Foul Ball, location: 2F
2-2: Foul Ball, location: 2F
2-2: Foul Ball, location: 2F
2-2: Strikes out swinging
Batting: SHB Akihiko Fujii 0-0: Called Strike
Roger Caffyn steals 2nd base
0-1: Ball
1-1: DOUBLE (Line Drive, 9D)
Roger Caffyn scores
Batting: RHB Jesús Vargas 0-0: Ball
1-0: Foul Ball, location: 2F
1-1: Foul Ball, location: 2F
1-2: Ball
2-2: Foul Ball, location: 2F
2-2: 2-RUN HOME RUN (Flyball, 7LD), Distance : 368 ft
Batting: LHB Pablo Hernández 0-0: Foul Ball, location: 2F
0-1: Called Strike
0-2: Ball
1-2: Ball
2-2: Ball
3-2: Fly out, F7 (Flyball, 7S)
Bottom of the 3rd over - 3 runs, 3 hits, 0 errors, 0 left on base; Thunder Bay 2 - Athletic Club KC 3
TOP OF THE 4TH
Thunder Bay Northern Lions BC batting - Pitching for Athletic Club KC : RHP Stanley Yelnats
Batting: RHB Edgar Balerio 0-0: TRIPLE (Flyball, 78XD)
Batting: RHB Ramón Degollado 0-0: Called Strike
0-1: SINGLE (Groundball, 56D)
Edgar Balerio scores
Batting: SHB Robert La Caze 0-0: Ball
1-0: Fielders Choice at 2nd, 4-6 (Groundball, 4D)
Batting: RHB Kasper Schuilenberg 0-0: Called Strike
0-1: Foul Ball, location: 2F
0-2: Ball
1-2: Strikes out swinging
Batting: RHB Augusto Encarnación 0-0: Ball
Robert La Caze steals 2nd base
1-0: Fly out, F6 (Line Drive, 6M)
Top of the 4th over - 1 run, 2 hits, 0 errors, 1 left on base; Thunder Bay 3 - Athletic Club KC 3
BOTTOM OF THE 4TH
Athletic Club KC batting - Pitching for Thunder Bay Northern Lions BC : RHP Jon Briddon
Batting: RHB Andrés Medina 0-0: Ball
1-0: Foul Ball, location: 2F
1-1: Foul Ball, location: 2F
1-2: Strikes out swinging
Batting: SHB Pedro Vázquez 0-0: Ball
1-0: Swinging Strike
1-1: Ball
2-1: SINGLE (Line Drive, 6D)
Batting: LHB Wu-shun Chu 0-0: Ball
1-0: Fielders Choice at 2nd, 4-6 (Groundball, 4M)
Batting: LHB Onye Mahusay 0-0: Called Strike
0-1: Ball
1-1: Ball
2-1: Ball
3-1: DOUBLE (Flyball, 78XD)
Wu-shun Chu to third
Runner from 3rd tries for Home, SAFE, no throw
Batting: RHB Roger Caffyn 0-0: Ball
1-0: Ball
2-0: Swinging Strike
2-1: Called Strike
2-2: 2-RUN HOME RUN (Flyball, 7D), Distance : 390 ft
Batting: LHB Melvin Castro 0-0: Foul Ball, location: 2F
0-1: SINGLE (Line Drive, 9S)
Pitching: RHP Armando Marrero
Batting: SHB Akihiko Fujii 0-0: Ball
1-0: Called Strike
1-1: Swinging Strike
1-2: Foul Ball, location: 2F
1-2: Strikes out swinging
Bottom of the 4th over - 3 runs, 4 hits, 0 errors, 1 left on base; Thunder Bay 3 - Athletic Club KC 6
TOP OF THE 5TH
Thunder Bay Northern Lions BC batting - Pitching for Athletic Club KC : RHP Stanley Yelnats
Batting: RHB Rafael Pueblo 0-0: Foul Ball, location: 2F
0-1: Ball
1-1: Ball
2-1: Fly out, F7 (Flyball, 7LMF)
Batting: RHB António Mendoza 0-0: SINGLE (Groundball, 4MD)
Batting: LHB Luis Freitas 0-0: Ball
1-0: SINGLE (Groundball, 3S) (infield hit)
António Mendoza to second
Batting: RHB Juan Pedraza 0-0: Ball
1-0: Ball
2-0: Ball
3-0: Called Strike
3-1: Foul Ball, location: 2F
3-2: Foul Ball, location: 2F
3-2: Foul Ball, location: 2F
3-2: Foul Ball, location: 2F
3-2: Strikes out swinging
Batting: RHB Edgar Balerio 0-0: Ball
1-0: Fly out, F6 (Line Drive, 6)
Top of the 5th over - 0 runs, 2 hits, 0 errors, 2 left on base; Thunder Bay 3 - Athletic Club KC 6
BOTTOM OF THE 5TH
Athletic Club KC batting - Pitching for Thunder Bay Northern Lions BC : RHP Armando Marrero
Batting: RHB Jesús Vargas 0-0: Ball
1-0: Ball
2-0: Ball
3-0: Called Strike
3-1: Swinging Strike
3-2: Strikes out swinging
Batting: LHB Pablo Hernández 0-0: Called Strike
0-1: SINGLE (Groundball, 5S) (infield hit)
Batting: RHB Andrés Medina 0-0: Ball
1-0: Called Strike
1-1: Called Strike
1-2: Strikes out swinging
Batting: SHB Pedro Vázquez 0-0: Ball
1-0: Ball
2-0: Foul Ball, location: 2F
2-1: Called Strike
2-2: Ball
3-2: Base on Balls
Pablo Hernández to second
Batting: LHB Wu-shun Chu 0-0: Ball
1-0: Called Strike
1-1: Ground out 4-3 (Groundball, 4)
Bottom of the 5th over - 0 runs, 1 hit, 0 errors, 2 left on base; Thunder Bay 3 - Athletic Club KC 6
TOP OF THE 6TH
Thunder Bay Northern Lions BC batting - Pitching for Athletic Club KC : RHP Stanley Yelnats
Batting: RHB Ramón Degollado 0-0: Ball
1-0: Swinging Strike
1-1: Ground out 6-3 (Groundball, 6)
Batting: SHB Robert La Caze 0-0: Ball
1-0: SINGLE (Line Drive, 8RS)
Batting: RHB Kasper Schuilenberg 0-0: Ball
1-0: Ball
2-0: Called Strike
2-1: Ball
3-1: Foul Ball, location: 2F
3-2: DOUBLE (Line Drive, 89XD)
Robert La Caze to third
Robert La Caze scores
Batting: RHB Augusto Encarnación 0-0: Ball
1-0: SINGLE (Line Drive, 8LS)
Kasper Schuilenberg to third
Runner from 3rd tries for Home, SAFE, no throw
Pitching: LHP Mike Truk
Batting: RHB Rafael Pueblo 0-0: Ball
1-0: Foul Ball, location: 2F
1-1: SINGLE (Groundball, 6MD)
Augusto Encarnación to second
Batting: RHB António Mendoza 0-0: Ball
1-0: Ball
2-0: Called Strike
2-1: Ball
3-1: Foul Ball, location: 2F
3-2: Foul Ball, location: 2F
3-2: Fly out, F8 (Flyball, 8RD)
Batting: LHB Luis Freitas 0-0: Hit by Pitch
Augusto Encarnación to third
Rafael Pueblo to second
Batting: RHB Juan Pedraza 0-0: Swinging Strike
0-1: Ball
1-1: Ball
2-1: Ball
3-1: Called Strike
3-2: Ground out 4-3 (Groundball, 4M)
Top of the 6th over - 2 runs, 4 hits, 0 errors, 3 left on base; Thunder Bay 5 - Athletic Club KC 6
BOTTOM OF THE 6TH
Athletic Club KC batting - Pitching for Thunder Bay Northern Lions BC : RHP Armando Marrero
Batting: LHB Onye Mahusay 0-0: Called Strike
0-1: Foul Ball, location: 2F
0-2: Foul Ball, location: 2F
0-2: Ball
1-2: Ball
2-2: Foul Ball, location: 2F
2-2: Ball
3-2: Base on Balls
Batting: RHB Roger Caffyn 0-0: Ball
1-0: Ball
2-0: Bunted foul
2-1: Sac Bunt - play at first, batter OUT! 2-4
Onye Mahusay to second
Batting: LHB Melvin Castro 0-0: Called Strike
0-1: Ball
1-1: Foul Ball, location: 2F
1-2: Foul Ball, location: 2F
1-2: Foul Ball, location: 2F
1-2: Ball
2-2: Fly out, F9 (Flyball, 9LM)
Batting: SHB Akihiko Fujii 0-0: Called Strike
0-1: Ground out 6-3 (Groundball, 6)
Bottom of the 6th over - 0 runs, 0 hits, 0 errors, 1 left on base; Thunder Bay 5 - Athletic Club KC 6
TOP OF THE 7TH
Thunder Bay Northern Lions BC batting - Pitching for Athletic Club KC : LHP Mike Truk
Batting: RHB Edgar Balerio 0-0: Called Strike
0-1: Ball
1-1: Swinging Strike
1-2: Strikes out swinging
Batting: RHB Ramón Degollado 0-0: Called Strike
0-1: Swinging Strike
0-2: Foul Ball, location: 2F
0-2: Foul Ball, location: 2F
0-2: SINGLE (Groundball, 56D)
Pinch Hitting: RHB Hou Kong 0-0: Ball
1-0: Fly out, F7 (Flyball, 7)
Batting: RHB Kasper Schuilenberg 0-0: Ball
1-0: SINGLE (Groundball, 6D)
Ramón Degollado to second
Batting: RHB Augusto Encarnación 0-0: Ball
1-0: Ball
2-0: Called Strike
2-1: Foul Ball, location: 2F
2-2: Ball
3-2: DOUBLE (Line Drive, 7LM)
Ramón Degollado scores
Kasper Schuilenberg to third
Kasper Schuilenberg scores
Pitching: LHP Donat Karczmarek
Batting: RHB Rafael Pueblo 0-0: Ball
1-0: Called Strike
1-1: Ball
2-1: Ball
3-1: Foul Ball, location: 2F
3-2: Base on Balls
Batting: RHB António Mendoza 0-0: Called Strike
0-1: Swinging Strike
0-2: Ball
1-2: Strikes out swinging
Top of the 7th over - 2 runs, 3 hits, 0 errors, 2 left on base; Thunder Bay 7 - Athletic Club KC 6
BOTTOM OF THE 7TH
Athletic Club KC batting - Pitching for Thunder Bay Northern Lions BC : RHP Armando Marrero
Pitching: RHP Anatoly Ivanovich
Now at 2B: Woodrow Terrebonne
Batting: RHB Jesús Vargas 0-0: Ball
1-0: Foul Ball, location: 2F
1-1: Ball
2-1: Foul Ball, location: 2F
2-2: Ground out 4-3 (Groundball, 4S)
Batting: LHB Pablo Hernández 0-0: SINGLE (Groundball, 3S) (infield hit)
Pinch Hitting: LHB Ramón Morterero 0-0: Foul Ball, location: 2F
0-1: Foul Ball, location: 2F
0-2: Fielders Choice at 2nd, 3-6 (Groundball, 3)
Batting: SHB Pedro Vázquez 0-0: Called Strike
0-1: Ball
1-1: Ball
2-1: Foul Ball, location: 2F
2-2: Strikes out swinging
Bottom of the 7th over - 0 runs, 1 hit, 0 errors, 1 left on base; Thunder Bay 7 - Athletic Club KC 6
TOP OF THE 8TH
Thunder Bay Northern Lions BC batting - Pitching for Athletic Club KC : LHP Donat Karczmarek
Pitching: RHP Felipe Aiba
Now at 3B: Khal Drogo
Batting: LHB Luis Freitas 0-0: Foul Ball, location: 2F
0-1: Foul Ball, location: 2F
0-2: Ball
1-2: Ball
2-2: Foul Ball, location: 2F
2-2: SINGLE (Groundball, 34D)
Batting: RHB Juan Pedraza 0-0: Ball
1-0: Foul Ball, location: 2F
1-1: Foul Ball, location: 2F
1-2: Fly out, F8 (Flyball, 8LM)
Batting: RHB Edgar Balerio 0-0: Ball
1-0: Ball
2-0: Called Strike
2-1: SINGLE (Groundball, 6) (infield hit)
Luis Freitas to second
Batting: RHB Ramón Degollado 0-0: Ball
1-0: Called Strike
1-1: Called Strike
1-2: Strikes out looking
Batting: RHB Woodrow Terrebonne 0-0: Ball
1-0: Ground out 5-3 (Groundball, 56S)
Top of the 8th over - 0 runs, 2 hits, 0 errors, 2 left on base; Thunder Bay 7 - Athletic Club KC 6
BOTTOM OF THE 8TH
Athletic Club KC batting - Pitching for Thunder Bay Northern Lions BC : RHP Anatoly Ivanovich
Batting: LHB Wu-shun Chu 0-0: Called Strike
0-1: Ground out U3 (Groundball, 3)
Batting: LHB Onye Mahusay 0-0: Called Strike
0-1: Ball
1-1: Called Strike
1-2: Foul Ball, location: 2F
1-2: Ball
2-2: Strikes out swinging
Batting: RHB Roger Caffyn 0-0: Called Strike
0-1: Ball
1-1: Foul Ball, location: 2F
1-2: Ground out 4-3 (Groundball, 4)
Bottom of the 8th over - 0 runs, 0 hits, 0 errors, 0 left on base; Thunder Bay 7 - Athletic Club KC 6
TOP OF THE 9TH
Thunder Bay Northern Lions BC batting - Pitching for Athletic Club KC : RHP Felipe Aiba
Batting: RHB Kasper Schuilenberg 0-0: Ball
1-0: Swinging Strike
1-1: Reached on error, E5 (Groundball, 5L)
Batting: RHB Augusto Encarnación 0-0: Foul Ball, location: 2F
0-1: Reached on error, E4 (Groundball, 4M)
Kasper Schuilenberg scores
Batting: RHB Rafael Pueblo 0-0: Ball
1-0: Ground out 5-3 (Groundball, 56)
Now at 3B: Colin Bottone
Batting: RHB António Mendoza 0-0: Intentional Walk
Batting: LHB Luis Freitas 0-0: Ground out 4-3 (Groundball, 4D)
Augusto Encarnación to third
António Mendoza to second
Batting: RHB Juan Pedraza 0-0: Called Strike
0-1: Ground out U3 (Groundball, 34S)
Top of the 9th over - 1 run, 0 hits, 2 errors, 2 left on base; Thunder Bay 8 - Athletic Club KC 6
BOTTOM OF THE 9TH
Athletic Club KC batting - Pitching for Thunder Bay Northern Lions BC : RHP Anatoly Ivanovich
Batting: LHB Melvin Castro 0-0: Ball
1-0: Foul Ball, location: 2F
1-1: Ball
2-1: Ground out 4-3 (Groundball, 4)
Batting: SHB Akihiko Fujii 0-0: Ball
1-0: Called Strike
1-1: Ball
2-1: Foul Ball, location: 2F
2-2: Foul Ball, location: 2F
2-2: Ball
3-2: Ground out 3-1 (Groundball, 34)
Batting: RHB Jesús Vargas 0-0: Ball
1-0: Ball
2-0: Foul Ball, location: 2F
2-1: Swinging Strike
2-2: Strikes out looking
Bottom of the 9th over - 0 runs, 0 hits, 0 errors, 0 left on base; Thunder Bay 8 - Athletic Club KC 6
Friday, March 29th, 2019 - OOTP Baseball 18.8 Build 76